 Dungeon Crawl Stone Soup version 0.30-a0-723-gc1506a1cf0 (webtiles) character file.

Game seed: 3680770197280181212

4476 xian the Nimble (level 10, -9/42 (51) HPs)
             Began as a Spriggan Reaver on Jan 28, 2023.
             Was a Believer of Okawaru.
             Mangled by Grum
             ... wielding a +1 halberd
              (17 damage)
             ... on level 8 of the Dungeon.
             The game lasted 00:29:45 (7554 turns).

xian the Nimble (Spriggan Reaver)                   Turns: 7554, Time: 00:29:46

HP:   -9/42 (51)    AC:  7    Str: 10    XL:     10   Next: 15%
MP:   12/20         EV: 27    Int: 17    God:    Okawaru [**....]
Gold: 351           SH:  0    Dex: 14    Spells: 11/21 levels left

rFire   . . .      SeeInvis +    o - +3 dagger (chaos)
rCold   . . .      Faith    .    (no shield)
rNeg    + . .      Spirit   .    m - +2 robe {rN+}
rPois   .          Reflect  .    (helmet restricted)
rElec   .          Harm     .    C - +2 cloak
rCorr   .          Rampage  .    (gloves unavailable)
Will    +....                    (boots unavailable)
Stlth   +++                      q - amulet of regeneration
HPRegen 1.07/turn                e - +5 ring of evasion
MPRegen 0.17/turn                b - ring of flight

@: immotile, flying, hasted, heavily drained, very quick
A: very small, no large weapons, unfitting armour, see invisible, speed 3
a: Renounce Religion, Heroism


You were on level 8 of the Dungeon.
You worshipped Okawaru.
Okawaru was pleased with you.
You visited 2 branches of the dungeon, and saw 9 of its levels.
You also visited: Ossuary.

You collected 351 gold pieces.

Inventory:

Hand Weapons
 j - a +2 sling of freezing
 o - a +3 dagger of chaos (weapon)
Missiles
 g - 8 boomerangs
 n - 9 poisoned darts (quivered)
 N - a curare-tipped dart
Armour
 c - the +6 plate armour of Gestures {Will+ Str+2}
   (You found it on level 5 of the Dungeon)

   Str:       It affects your strength (+2).
   Will:      It increases your willpower.
 m - a +2 robe of positive energy (worn)
 C - a +2 cloak (worn)
Magical Staves
 a - a staff of cold
Jewellery
 b - a ring of flight (right hand)
 e - a +5 ring of evasion (left hand)
 l - a ring of ice
 q - an amulet of regeneration (around neck)
Wands
 s - a wand of mindburst (6)
 y - a wand of paralysis (12)
Scrolls
 d - 6 scrolls of teleportation {unknown}
 k - a scroll of fear
 r - a scroll of enchant armour
 t - a scroll of amnesia
 x - a scroll of butterflies
 E - a scroll of enchant weapon {unknown}
 F - a scroll of fog {unknown}
 G - 2 scrolls of poison {unknown}
 I - 3 scrolls of immolation
 K - a scroll of torment
 M - a scroll of identify
Potions
 f - 7 potions of flight
 h - 4 potions of might
 i - 4 potions of curing
 p - 2 potions of attraction {unknown}
 u - 3 potions of haste
 w - 2 potions of brilliance {unknown}
 z - a potion of heal wounds {unknown}
 A - a potion of mutation {unknown}
 B - a potion of berserk rage {unknown}
 D - a potion of ambrosia {unknown}
 H - 2 potions of invisibility {unknown}
 J - a potion of magic {unknown}


   Skills:
 + Level 5.3 Fighting
 + Level 8.3 Short Blades
 + Level 3.9 Throwing
 + Level 9.4 Dodging
 + Level 6.4 Stealth
 + Level 6.2 Spellcasting
 + Level 3.1 Conjurations
 + Level 0.2 Necromancy
 + Level 4.1 Translocations
 * Level 2.0 Fire Magic
 + Level 0.1 Ice Magic


You had 11 spell levels left.
You knew the following spells:

 Your Spells              Type           Power      Damage    Failure   Level
a - Kiss of Death         Conj/Necr      44%        2d8       6%          1
b - Momentum Strike       Conj/Tloc      34%        3d8       4%          2
c - Hailstorm             Conj/Ice       10%        3d5       19%         3
d - Flame Wave            Conj/Fire      14%        2d6       41%         4

Your spell library contained the following spells:

 Spells                   Type           Power      Damage    Failure   Level
 Scorch                   Fire           24%        2d6       9%          2
 Beastly Appendage        Tmut           10%        N/A       13%         1
 Wereblood                Tmut           5%         N/A       19%         2
 Inner Flame              Hex/Fire       8%         N/A       26%         3
 Spider Form              Tmut/Pois      5%         N/A       36%         3
 Sticky Flame             Conj/Fire      14%        2d4       41%         4
 Summon Cactus Giant      Summ           Unusable   N/A       N/A         6

Dungeon Overview and Level Annotations

Branches:
Dungeon (8/15)             Temple (1/1) D:7         Ossuary (visited)
   Lair: D:8-11

Altars:
Ashenzari
Cheibriados
Dithmenos
Elyvilon
Fedhas
Gozag
Hepliaklqana
Kikubaaqudgha
Nemelex Xobeh
Okawaru
Qazlal
Ru
Trog
Uskayaw
Vehumet
Wu Jian
Xom
Yredelemnul
Zin
The Shining One

Annotations:
D:8 Grum


Innate Abilities, Weirdness & Mutations

You are very small and have problems with some larger weapons.
You are too small for most types of armour.
You have supernaturally acute eyesight. (SInv)
You cover ground extremely quickly. (Speed+++)


Message History

Casting: Momentum Strike (safe; 4% risk of failure)
Confirm with . or Enter, or press ? or * to list all spells.
Aiming: Kiss of Death (safe; 6% risk of failure)
Press: ? - help, Shift-Dir - straight line, f/p - wolf
Aim: a wolf (heavily wounded, 100% to hit)
The negative energy hits the wolf.
The wolf is drained!
The wolf is almost dead.
You feel drained. The wolf completely misses you.
You hit the wolf but do no damage.
The wolf is almost dead.
The wolf completely misses you.
You miss the wolf.
The wolf is almost dead.
The wolf misses you.
You completely miss the wolf.
The wolf is almost dead.
The wolf completely misses you.
You hit the wolf.
The wolf seems to grow stronger.
The wolf is almost dead.
The wolf bites you!
* * * LOW HITPOINT WARNING * * *
Grum hits you from afar with a +1 halberd.
* * * LOW HITPOINT WARNING * * *
You hit the wolf. You burn the wolf.
You kill the wolf!
Okawaru accepts your kill.
You are no longer robbed of momentum.
Your Fire Magic skill increases to level 2!
Casting: Kiss of Death (safe; 6% risk of failure)
Confirm with . or Enter, or press ? or * to list all spells.
Aiming: Momentum Strike (safe; 4% risk of failure)
Press: ? - help, Dir - move target, f - Grum
Aim: Grum, wielding a +1 halberd and wearing a +0 animal skin (lightly wounded, 75% to hit)
The concentrated momentum hits Grum!
Grum is heavily wounded.
You are unable to move.
Grum completely misses you.
Okay, then.
You feel yourself speed up.
Grum hits you from afar with a +1 halberd!
You die...

.....# ##...#
#...# #...#
##...## #.....#
##....# ##...#
###########.##
#...#
#....g†@.(...#
#...#
#.#######......
#...####.#.....
..$..
#..........#
...#
#((..)g..#.#
.##
#...######.# #
#..)# . .(....
.. ####### ##


You could see Grum.

Vanquished Creatures
  Joseph (D:8)
  Psyche (D:8)
  Prince Ribbit (D:6)
  A wraith (D:7)
  A steam dragon (D:6)
  2 orc warriors (D:8)
  3 black bears
  2 sky beasts (D:6)
  An ogre (D:5)
  3 centaurs
  2 wolves (D:8)
  2 phantoms
  3 elf zombies (Ossuary)
  A kobold brigand (D:8)
  3 bullfrogs
  5 scorpions
  8 wights
  An electric eel (D:6)
  2 centaur zombies (Ossuary)
  2 hounds
  Crazy Yiuf (D:7)
  5 jellies
  A human zombie (Ossuary)
  3 orc priests (D:6)
  Jessica (D:2)
  4 iguanas
  5 orc wizards
  2 mummies (Ossuary)
  8 gnolls
  4 adders
  5 white imps
  2 adder zombies (Ossuary)
  9 orcs
  8 endoplasms
  3 giant cockroaches (D:3)
  7 goblins
  5 hobgoblins
  4 jackals (D:4)
  13 kobolds
  A quokka (D:4)
  3 ball pythons
  7 bats
  A frilled lizard (D:3)
  5 hobgoblin zombies (Ossuary)
  A jackal zombie (Ossuary)
  13 kobold zombies (Ossuary)
  7 orc zombies (Ossuary)
  7 rats
  3 rat zombies (Ossuary)
183 creatures vanquished.

Vanquished Creatures (others)
  2 plants (D:4)
2 creatures vanquished.

Grand Total: 185 creatures vanquished

Notes
Turn   | Place    | Note
-------+----------+-------------------------------------------
     0 | D:1      | xian the Spriggan Reaver began the quest for the Orb.
     0 | D:1      | Reached XP level 1. HP: 10/10 MP: 5/5
   293 | D:1      | Reached XP level 2. HP: 11/14 MP: 6/6
   325 | D:1      | Learned a level 2 spell: Momentum Strike
   405 | D:1      | Reached skill level 3 in Dodging
   888 | D:2      | Found a faded altar of an unknown god.
  1237 | D:2      | Noticed Jessica
  1242 | D:2      | Killed Jessica
  1243 | D:2      | Reached XP level 3. HP: 18/18 MP: 2/8
  1440 | D:2      | Learned a level 3 spell: Hailstorm
  1824 | D:3      | Found a shadowy altar of Dithmenos.
  2059 | D:3      | Reached XP level 4. HP: 23/23 MP: 9/9
  2196 | D:3      | Reached skill level 1 in Stealth
  2856 | D:4      | Reached XP level 5. HP: 12/24 MP: 7/10
  2932 | D:4      | Reached skill level 4 in Dodging
  2986 | D:4      | Reached skill level 5 in Short Blades
  3037 | D:4      | Found a snail-covered altar of Cheibriados.
  3181 | D:4      | Reached XP level 6. HP: 30/30 MP: 10/12
  3432 | D:5      | Entered Level 5 of the Dungeon
  3444 | D:5      | Identified the +6 plate armour of Gestures {Will+ Str+2}
  3505 | D:5      | Found a sand-covered staircase.
  3518 | D:5      | Reached skill level 1 in Throwing
  3523 | Ossuary  | Entered an ossuary
  3930 | Ossuary  | Reached skill level 5 in Dodging
  4055 | Ossuary  | Reached XP level 7. HP: 33/35 MP: 13/13
  4336 | D:5      | Reached skill level 6 in Dodging
  4374 | D:5      | Reached XP level 8. HP: 39/42 MP: 14/14
  4542 | D:5      | Reached skill level 7 in Dodging
  5224 | D:6      | Reached skill level 1 in Translocations
  5451 | D:6      | Reached skill level 8 in Dodging
  5546 | D:6      | Reached skill level 5 in Stealth
  5629 | D:6      | Noticed Prince Ribbit
  5646 | D:6      | Killed Prince Ribbit
  5647 | D:6      | Reached XP level 9. HP: 27/45 MP: 6/16
  5713 | D:6      | Found a broken altar of Ashenzari.
  6284 | D:7      | Reached skill level 5 in Spellcasting
  6474 | D:7      | Reached skill level 9 in Dodging
  6573 | D:7      | Found a staircase to the Ecumenical Temple.
  6584 | Temple   | Entered the Ecumenical Temple
  6597 | Temple   | Upgraded the game from 0.30-a0-722-g3e6e8c874d to
                  | 0.30-a0-723-gc1506a1cf0
  6606 | Temple   | Became a worshipper of Warmaster Okawaru
  6660 | D:7      | Found a runed translucent door.
  6661 | D:7      | Noticed Crazy Yiuf
  6666 | D:7      | Killed Crazy Yiuf
  6887 | D:7      | Learned a level 4 spell: Flame Wave
  6910 | D:7      | Found a stormy altar of Qazlal.
  7025 | D:8      | Reached skill level 1 in Fire Magic
  7070 | D:8      | Reached skill level 5 in Fighting
  7307 | D:8      | Noticed Joseph
  7381 | D:8      | Killed Joseph
  7381 | D:8      | Reached * piety under Okawaru
  7382 | D:8      | Reached XP level 10. HP: 23/51 MP: 17/20
  7494 | D:8      | Noticed Psyche
  7507 | D:8      | Killed Psyche
  7519 | D:8      | Noticed Grum
  7552 | D:8      | Reached ** piety under Okawaru
  7554 | D:8      | Mangled by Grum

Illustrated notes

Levels and vault maps discovered:
D:1:      ebering_hopf_link, layout_loops_corners
D:2:      layout_basic, nicolae_ecumenical_pavilion, uniq_jessica
D:3:      cheibrodos_helix_gallery, layout_basic, nicolae_dithmenos_the_darkroom
D:4:      layout_gridville, mainiacjoe_overflow_chevrons, bh_walls_and_bars
D:5:      layout_loops_ring, enter_ossuary_1
D:6:      layout_rooms, ashenzari_altar_1, minmay_misc_feat_columns,
          minmay_crystal_water, kb_lookout_dungeons_type, uniq_prince_ribbit1
D:7:      layout_rooms, mainiacjoe_overflow_surrounded_room,
          minmay_temple_entry_poolview, uniq_crazy_yiuf_cottage
D:8:      layout_loops_ring, st_stairs_12, minmay_misc_feat_hallway,
          uniq_joseph, uniq_grum, uniq_psyche
Temple:   lightli_temple_of_artemis

Skill      XL: |  1  2  3  4  5  6  7  8  9 10 |
---------------+-------------------------------+-----
Dodging        | 3 4 5 6 8 9 |  9.4
Short Blades   | 4 5 6 7 8 |  8.3
Fighting       | 2 3 4 5 |  5.3
Spellcasting   | 3 4 6 |  6.2
Stealth        | 2 3 5 6 |  6.4
Throwing       | 1 2 3 |  3.9
Translocations | 1 4 |  4.1
Fire Magic     | 1 2 |  2.0
Conjurations   | 3 |  3.1
Necromancy     | |  0.2
Ice Magic      | |  0.1

Action                     |  1- 3 |  4- 6 |  7- 9 | 10-12 || total
---------------------------+-------+-------+-------+-------++-------
  Melee: Short sword       |   107 |   420 |   557 |     8 ||  1092
         Punch             |       |     4 |    10 |       ||    14
         Dagger            |       |       |       |    22 ||    22
  Throw: Dart              |       |     7 |    49 |     3 ||    59
         Boomerang         |       |       |     9 |       ||     9
   Cast: Momentum Strike   |     1 |     4 |    29 |     3 ||    37
         Kiss of Death     |       |     1 |     3 |     2 ||     6
         Hailstorm         |       |     1 |     5 |       ||     6
         Flame Wave        |       |       |     1 |     1 ||     2
    Use: Potion            |       |     3 |     1 |     1 ||     5
         Scroll            |       |     6 |     3 |       ||     9
   Stab: Sleeping          |     2 |     1 |     7 |     2 ||    12
         Distracted        |       |     1 |     1 |       ||     2
 Armour: Robe              |    13 |    35 |    26 |     5 ||    79
  Dodge: Dodged            |    91 |   298 |   376 |    31 ||   796

Table legend: (Time is in decaauts)
 A = Elapsed time spent in this place.
 B = Non-inter-level travel time spent in this place.
 C = Inter-level travel time spent in this place.
 D = Time resting spent in this place.
 E = Time spent auto-exploring this place.
 F = Levels seen in this place.
 G = Mean time per level.
                   A        B        C        D        E       F      G
               +--------+--------+--------+--------+--------+-----+--------+
         Total |   5061 |   4928 |    133 |     77 |   2750 |  10 |  506.1 |
       Dungeon |   4587 |   4454 |    133 |     77 |   2691 |   8 |  573.4 |
        Temple |     26 |     26 |      0 |      0 |      1 |   1 |   26.0 |
       Ossuary |    447 |    447 |      0 |      0 |     57 |   1 |  447.0 |
               +--------+--------+--------+--------+--------+-----+--------+

Top non-repeatable levels by time:
     D:6: 758 daAuts
     D:5: 696 daAuts
     D:4: 612 daAuts
     D:1: 576 daAuts
     D:2: 527 daAuts
     D:3: 515 daAuts
     D:7: 513 daAuts
 Ossuary: 447 daAuts
     D:8: 386 daAuts
  Temple: 26 daAuts
